[Event "*** Titled Tuesday Blitz"]
[Site "Chess.com"]
[Date "2019.04.02"]
[Round "3"]
[White "ChessicallyInclined"]
[Black "MatthewG-p4p"]
[Result "0-1"]
[WhiteElo "2529"]
[BlackElo "2663"]
[TimeControl "180+2"]
[EndTime "14:36:37 PDT"]
[Termination "MatthewG-p4p won by resignation"]

1. d4 Nf6 2. c4 c5 3. d5 e6 4. Nc3 exd5 5. cxd5 d6 6. e4 g6 7. Nge2 Bg7 8. Ng3 h5 9. Be2 h4 10. Nf1 h3 11. g3 a6 12. a4 O-O 13. Bg5 Re8 14.
Nd2 Nbd7 15. O-O Rb8 16. Qc2 Qc7 17. Bf4 Ne5 18. Bxe5 Rxe5 19. Nc4 Re8 20. a5 Nd7 21. Bg4 b5 22. axb6 Nxb6 23. Bxc8 Nxc4 24. Bxh3 Rxb2 25. Qc1 Bd4 26. Rxa6 Qb7 27. Ra4 Nd2 28. Nd1 Nf3+ 29. Kg2 Rb1 30. Qf4 Ne5 31. Ne3 Bxe3 32. Qxe3 Rxf1 33. f4 Nd7 34. e5 Rb1 35. Bg4 Qxd5+ 36. Bf3 Rb2+ 37. Kh3 Qd2 38. Qxd2 Rxd2 39. Bc6 Rd8 40.
Ra7 Nf8 41. exd6 R2xd6 42. Be4 c4 43. Rc7 Rd4 44. Bc2 Ne6 45. Rc6 Kg7 46. f5 gxf5 47. Bxf5 Ng5+ 48. Kg2 Rd2+ 49. Kf1 Rxh2 50. Bg4 Ra8 51.
Kg1 Rd2 0-1

[Event "*** Titled Tuesday Blitz"]
[Site "Chess.com"]
[Date "2019.04.02"]
[Round "3"]
[White "regular_legs"]
[Black "Didici"]
[Result "0-1"]
[WhiteElo "2441"]
[BlackElo "2614"]
[TimeControl "180+2"]
[EndTime "14:36:42 PDT"]
[Termination "Didici won by resignation"]

1. d4 d5 2. c4 e6 3. Nc3 Nf6 4. cxd5 exd5 5. Bg5 Bb4 6. e3 h6 7. Bh4 g5 8. Bg3 Ne4 9. Qb3 c5 10. Bb5+ Nc6 11. Ne2 O-O 12. dxc5 Nxc5 13. Qc2 d4 14. exd4 Nxd4 15. Nxd4 Qxd4 16. O-O Be6 17. Rad1 Qf6 18.
Bd6 Rfc8 19. Qe2 Bxc3 20. bxc3 a6 21. Be5 Qf5 22. g4 Qxg4+ 23. Qxg4 Bxg4 24. f3 Bh3 25. Be2 Bxf1 26. Kxf1 Rd8 27. Rxd8+ Rxd8 28. Bd4 Ne6 29.
Be3 Kg7 30. Ke1 Kf6 31. Bc4 Ke5 32. Bb3 f5 33. Bc2 Nf4 34. Bd4+ Ke6 35. Bb3+ Nd5 36. Ke2 Kd6 37. Kf2 Re8 38. Bg7 h5 39. Bd4 Nf4 40.
Bc4 b5 41. Bf1 Kd5 42. Be3 Ne6 43. Be2 f4 44. Bd2 Rc8 45. Bd1 Nc5 46. Bc2 Kc4 47. Bg6 Rd8 48. Ke2 Rd7 49. Bf5 Re7+ 50. Kd1 Nd3 51.
Be4 Nf2+ 52. Kc2 Nxe4 53. fxe4 Rxe4 0-1

[Event "*** Titled Tuesday Blitz"]
[Site "Chess.com"]
[Date "2019.04.02"]
[Round "3"]
[White "AdrianaNikolova"]
[Black "12teen"]
[Result "0-1"]
[WhiteElo "2460"]
[BlackElo "2643"]
[TimeControl "180+2"]
[EndTime "14:36:43 PDT"]
[Termination "12teen won by checkmate"]

1. e4 e5 2. Nf3 Nc6 3. Nc3 Be7 4. d4 d6 5. Bb5 exd4 6. Nxd4 Bd7 7. Nxc6 bxc6 8.
Bc4 Nf6 9. Qd3 O-O 10. Bf4 Rb8 11. Bb3 Nh5 12. Be3 Kh8 13. O-O f5 14. exf5 Bxf5 15. Qa6 Qd7 16. Qxa7 Bf6 17. Qa6 d5 18. Rad1 Rfe8 19.
Na4 Ra8 20. Qe2 Nf4 21. Qf3 Ng6 22. Nc5 Qc8 23. h3 Bxb2 24. Bd4 Bxd4 25. Rxd4 Ne5 26.
Qg3 Ra5 27. Qc3 Ra8 28. Rf4 Ng6 29. Rf3 Rf8 30. Rg3 Qd8 31. Nd3 Be4 32. Ne5 Nf4 33. Re1 Qf6 34. f3 Bf5 35. Qxc6 Qh4 36. Kh2 Nh5 37. Rg4 Bxg4 38. Nf7+ Kg8 39. Bxd5 Qg3+ 40. Kg1 Qxe1+ 41. Kh2 Qg3+ 42. Kg1 Qe1+ 43. Kh2 Rae8 44. Ne5+ Kh8 45. Nxg4 Qg3+ 46. Kg1 Re1# 0-1

[Event "*** Titled Tuesday Blitz"]
[Site "Chess.com"]
[Date "2019.04.02"]
[Round "3"]
[White "FedaMaster"]
[Black "2nd_life"]
[Result "1/2-1/2"]
[WhiteElo "2607"]
[BlackElo "2451"]
[TimeControl "180+2"]
[EndTime "14:36:45 PDT"]
[Termination "Game drawn - insufficient material"]

1. e4 e5 2. Nf3 Nc6 3. Bb5 a6 4.
Bxc6 dxc6 5. O-O f6 6. d4 exd4 7. Nxd4 c5 8. Ne2 Qxd1 9. Rxd1 Bd7 10. Nbc3 O-O-O 11. Bf4 Ne7 12. Nd5 Nxd5 13. Rxd5 Be7 14. Rad1 Be6 15. Rxd8+ Rxd8 16. Rxd8+ Kxd8 17. a3 b5 18. f3 b4 19. Bc1 Ba2 20. Kf2 Bb1 21. c3 Kd7 22. Ke3 a5 23. g4 Kc6 24. Nf4 Ba2 25.
h4 Kb5 26. h5 Bf7 27. Kd3 c6 28. h6 g5 29. Nh3 Ka4 30. axb4 cxb4 31. cxb4 axb4 32.
e5 Bg6+ 33. Kc4 Bf7+ 34. Kd3 c5 35. exf6 Bxf6 36. Nxg5 c4+ 37. Ke4 Bg6+ 38. Kd5 Kb3 39. Ne4 Bxb2 40. Bxb2 Bxe4+ 41. fxe4 Kxb2 42. g5 c3 43. g6 hxg6 44. h7 c2 45. h8=Q+ Kb1 46. Qd4 b3 47.
Qd3 Kb2 48. Qd2 Kb1 49. Kc4 c1=Q+ 50. Qxc1+ Kxc1 51. Kxb3 g5 52. e5 g4 53. e6 g3 54. e7 g2 55. e8=Q g1=Q 56. Qc8+ Kd1 57. Qc2+ Ke1 58. Qc1+ Kf2 59. Qc5+ Kf1 60. Qxg1+ Kxg1 1/2-1/2

[Event "*** Titled Tuesday Blitz"]
[Site "Chess.com"]
[Date "2019.04.02"]
[Round "3"]
[White "ElenaPershina"]
[Black "XiaoKangZhong"]
[Result "0-1"]
[WhiteElo "2055"]
[BlackElo "2119"]
[TimeControl "180+2"]
[EndTime "14:36:47 PDT"]
[Termination "XiaoKangZhong won by resignation"]

1. e4 c6 2. Nf3 d5 3. Nc3 g6 4.
d4 Bg7 5. e5 Bg4 6. h3 Bxf3 7.
Qxf3 e6 8. g4 Ne7 9. Bg5 Nd7 10.
h4 h5 11. Bh3 c5 12. gxh5 Rxh5 13. Bg4 Rh8 14. O-O-O cxd4 15. Nb5 Bxe5 16. Rhe1 Qb6 17.
Rxe5 Nxe5 18. Qf6 O-O-O 19. Qxe5 Rhe8 20. Nxd4 Rd7 21. Rd3 Nc6 22. Nxc6 bxc6 23. Rxd5 Rxd5 24. Qf6 Qd4 25. Qxf7 Qxg4 26. Qxe8+ Kb7 27. b3 Rd1+ 28. Kb2 Qd4+ 29. Ka3 Qc5+ 30. Kb2 Qe5+ 31. Ka3 Qa5+ 32. Kb2 Qc7 33. Qxg6 Qe5+ 34. Ka3 Ra1 35. Qf7+ Qc7 36. Qxe6 Qa5+ 37. Kb2 Rxa2+ 38. Kb1 Ra1+ 39. Kb2 Qa3+ 40. Kc3 Qc5+ 41. Qc4 Qe5+ 42. Qd4 Qe1+ 43. Qd2 Qxd2+ 44. Kxd2 Rh1 45. f4 Kc7 46. Kd3 Kd6 47. f5 Kd5 48.
f6 Rh3+ 49. Kd2 Ke4 50. Ke2 Rh2+ 51. Kf1 Rh3 52. Kg2 Rc3 53. Bd2 Rxc2 54. Kg3 Rxd2 55. Kg4 Ke5 56. Kg5 Rf2 0-1

[Event "*** Titled Tuesday Blitz"]
[Site "Chess.com"]
[Date "2019.04.02"]
[Round "3"]
[White "Keures"]
[Black "tteshan"]
[Result "1/2-1/2"]
[WhiteElo "2167"]
[BlackElo "2211"]
[TimeControl "180+2"]
[EndTime "14:36:49 PDT"]
[Termination "Game drawn by repetition"]

1. d4 d5 2. e3 Nf6 3. Bd3 e6 4. f4 c5 5. c3 Nc6 6. Nd2 Bd6 7. Ngf3 O-O 8. Ne5 Nd7 9. O-O f6 10. Qh5 f5 11. Kh1 Nf6 12. Qh4 cxd4 13. exd4 Ne4 14. Qxd8 Nxd8 15. Ndf3 b6 16. Be3 a5 17. h3 Ng3+ 18. Kh2 Nxf1+ 19. Rxf1 Bc7 20. g4 Ba6 21. Bxa6 Rxa6 22. a4 Ra8 23. Kg3 Nf7 24. Nc6 Nd6 25. Nfe5 Ne4+ 26. Kg2 Bxe5 27. Nxe5 fxg4 28. hxg4 Ra7 29. f5 exf5 30. gxf5 Rb7 31. c4 dxc4 32. Nxc4 Rbf7 33. Rf4 Nf6 34. Nxb6 Re8 35. Kf2 Rb7 36. d5 Rxe3 37. Kxe3 Rxb6 38. Rd4 Rxb2 39. d6 Rb7 40. Kf4 Kf7 41. Ke5 Nd7+ 42. Kd5 Rb6 43. Rc4 h5 44. Rc7 Ke8 45. Rc8+ Kf7 46. Rc7 Ke8 47. Rc8+ Kf7 48. Rc7 1/2-1/2

[Event "*** Titled Tuesday Blitz"]
[Site "Chess.com"]
[Date "2019.04.02"]
[Round "3"]
[White "iLuusions"]
[Black "vugarrasulov"]
[Result "1-0"]
[WhiteElo "2629"]
[BlackElo "2856"]
[TimeControl "180+2"]
[EndTime "14:36:50 PDT"]
[Termination "iLuusions won by resignation"]

1. d4 Nf6 2. c4 e6 3. Nf3 b6 4.
g3 Ba6 5. Qc2 Bb7 6. Bg2 Bb4+ 7.
Bd2 a5 8. O-O O-O 9. b3 Be4 10.
Qc1 Nc6 11. a3 Be7 12. Bc3 d5 13. Nbd2 Bxf3 14. Bxf3 Qd7 15. Rd1 Rfd8 16. e4 dxe4 17.
Nxe4 Rab8 18. Qe3 a4 19. b4 b5 20. d5 exd5 21. Nxf6+ Bxf6 22. Rxd5 Qe7 23. Qxe7 Nxe7 24. Bxf6 gxf6 25. Rxd8+ Rxd8 26. cxb5 Nf5 27. Rc1 Nd4 28. Bd1 Kg7 29. Kg2 Nxb5 30. Bxa4 Nxa3 31. Rxc7 Rd4 32. Bb3 Rxb4 33. Bxf7 Kh6 34. Bg8 Rb8 35. Bxh7 Nb5 36.
Rd7 Nc3 37. Bd3 Rf8 38. h4 f5 39. Kf3 Kg6 40. Kf4 Nd1 41. f3 Nf2 42. Rd6+ Kh5 43. Bxf5 Nh3+ 44. Ke5 Re8+ 45. Re6 Rxe6+ 46. Bxe6 Ng1 47.
Bg4+ Kg6 48. f4 Kh6 49. f5 Kg7 50. f6+ Kg6 51. Ke6 1-0

[Event "*** Titled Tuesday Blitz"]
[Site "Chess.com"]
[Date "2019.04.02"]
[Round "3"]
[White "pheonixking2000"]
[Black "Fandorine"]
[Result "1-0"]
[WhiteElo "2778"]
[BlackElo "2848"]
[TimeControl "180+2"]
[EndTime "14:36:53 PDT"]
[Termination "pheonixking2000 won by resignation"]

1. d4 Nf6 2. Nf3 g6 3. Nbd2 Bg7 4. e4 d6 5. Bb5+ Bd7 6. Bd3 O-O 7. O-O Nc6 8. Nc4 Bg4 9. c3 Nd7 10. Ne3 Bxf3 11. Qxf3 e5 12. d5 Ne7 13. c4 a5 14.
b3 Kh8 15. Bb2 Nc5 16. Bc2 f5 17. exf5 Nxf5 18. Nxf5 gxf5 19. Bxf5 Qg5 20. g4 e4 21. Bxg7+ Qxg7 22. Qg3 Rxf5 23. gxf5 Qf6 24. Qf4 Nd3 25.
Qe3 Rg8+ 26. Kh1 Qxf5 27. f4 Rg6 28. Rad1 Kg7 29. Rg1 Kf7 30. Rxg6 hxg6 31. Rg1 Qh5 32. Qg3 b6 33. Qg2 e3 34. Qg3 Nf2+ 35. Kg2 Qe2 36. Qf3 Qc2 37. f5 gxf5 38. Qh5+ Kf6 39. Qh6+ Ke5 40. Qxe3+ Ne4+ 41. Kh1 f4 42. Rg5+ Kf6 43.
Qxf4+ 1-0

[Event "*** Titled Tuesday Blitz"]
[Site "Chess.com"]
[Date "2019.04.02"]
[Round "3"]
[White "OparinGrigoriy"]
[Black "SergioGarciaFuentes"]
[Result "1-0"]
[WhiteElo "2979"]
[BlackElo "2051"]
[TimeControl "180+2"]
[EndTime "14:36:56 PDT"]
[Termination "OparinGrigoriy won by resignation"]

1. g3 d5 2. Bg2 Nf6 3. Nf3 g6 4. O-O Bg7 5. c4 c6 6. b3 O-O 7. Bb2 Re8 8. d3 Nbd7 9. Nc3 a6 10. Rc1 e5 11. cxd5 cxd5 12. e3 e4 13. dxe4 dxe4 14.
Ng5 Nc5 15. Ba1 Bf5 16. Rc2 h6 17. b4 Nd3 18. Ngxe4 Nxb4 19. Rd2 Qc7 20. Nxf6+ Bxf6 21. Nb5 Qb6 22. Nd6 Bxa1 23. Qxa1 Red8 24. Nxf5 gxf5 25. Rb2 Qd6 26. Qb1 Nd3 27. Rxb7 Rab8 28. h4 Rxb7 29. Qxb7 Nc5 30. Qf3 Qe5 31. Rc1 Ne4 32.
Qf4 Qxf4 33. gxf4 Rd2 34. Bxe4 fxe4 35. a4 Ra2 36. Rc4 f5 37. h5 Kf7 38. Rc7+ Ke8 39. Rc5 Rxa4 40. Rxf5 Ra1+ 41. Kg2 a5 42. Re5+ Kf7 43.
Rxe4 a4 44. Re5 a3 45. Ra5 a2 46. Kf3 Ke7 47. Ke4 Kf7 48. f5 Rh1 49. Rxa2 Rxh5 50.
Ke5 Rh2 51. Ra7+ Ke8 52. f4 Rb2 53. f6 Rb5+ 54. Ke6 Rb6+ 55. Kf5 h5 56. e4 h4 57. e5 h3 58. Rh7 h2 59. Rxh2 1-0

[Event "*** Titled Tuesday Blitz"]
[Site "Chess.com"]
[Date "2019.04.02"]
[Round "3"]
[White "larajanzelj"]
[Black "gmjoey1"]
[Result "1/2-1/2"]
[WhiteElo "2359"]
[BlackElo "2488"]
[TimeControl "180+2"]
[EndTime "14:36:59 PDT"]
[Termination "Game drawn by agreement"]

1. d4 Nf6 2. c4 c5 3. d5 e6 4. Nc3 exd5 5. cxd5 d6 6. e4 g6 7. h3 Bg7 8. Nf3 Rg8 9. Bg5 h6 10. Be3 a6 11. a4 Qe7 12. Nd2 Nbd7 13. Be2 g5 14. a5 Ne5 15. Na4 Nfd7 16. Qc2 Rb8 17. g3 Qd8 18. f4 gxf4 19. gxf4 Ng6 20. Nc4 Qh4+ 21. Kd2 Qe7 22. Rag1 Nf6 23. e5 dxe5 24.
Rxg6 fxg6 25. Qxg6+ Kd8 26. d6 Qe8 27. Qxe8+ Rxe8 28. fxe5 Nd7 29. Bh5 Nxe5 30. Nxe5 Rxe5 31. Rg1 Rd5+ 32.
Ke2 Bf8 33. Bf7 Rxd6 34. Bxc5 Bxh3 35. Bxd6 Bxd6 36. Rg8+ Ke7 37. Rxb8 Bc7 38. Bd5 Bxb8 39. Bxb7 Bg4+ 40. Kf2 Ba7+ 41. Kg3 Be2 42. Nc3 Bc4 43.
b3 Bd3 44. Nd5+ Kd6 45. Nb4 Bb5 46. Bxa6 Kc5 47. Bxb5 Bb8+ 48. Kh4 Kxb4 49. Bc4 Kxa5 50. Kh5 Bf4 51. Kg4 Bc1 52. Kh5 Kb4 53. Kg4 Bd2 54. Kh5 Bc1 1/2-1/2

[Event "*** Titled Tuesday Blitz"]
[Site "Chess.com"]
[Date "2019.04.02"]
[Round "3"]
[White "Last7Samurai"]
[Black "Bigfish1995"]
[Result "1/2-1/2"]
[WhiteElo "2738"]
[BlackElo "2912"]
[TimeControl "180+2"]
[EndTime "14:37:00 PDT"]
[Termination "Game drawn by stalemate"]

1. e4 c6 2. Nf3 d5 3. exd5 cxd5 4.
Ne5 Qb6 5. d4 Nc6 6. Nc3 Nf6 7.
Bb5 g6 8. O-O Bg7 9. Re1 O-O 10.
a4 Nxe5 11. dxe5 Ng4 12. Qf3 Nxe5 13. Qxd5 Be6 14. Qe4 Ng4 15. Qe2 a6 16. Bd3 Ne5 17. a5 Qc5 18. Be4 Rab8 19. Bf4 Rfd8 20. Red1 Rxd1+ 21. Qxd1 Qb4 22. Qe1 Rd8 23. Rd1 Rxd1 24. Qxd1 h6 25.
Bc1 Nc4 26. Nd5 Bxd5 27. Bxd5 Nxb2 28. Bxb2 Bxb2 29. g3 e6 30. Bg2 Bd4 31. Qe2 Qb1+ 32.
Qf1 Qxc2 33. Bxb7 Qd2 34. Bxa6 Qxa5 35. Bd3 Qd2 36. Be4 Kg7 37. Bf3 h5 38. Kg2 e5 39.
Qe2 Qc1 40. h4 f5 41. Bd5 e4 42. Qa2 e3 43. Bg8 Qc6+ 44. Kh2 Qe8 45. fxe3 Qxg8 46. Qxg8+ Kxg8 47. exd4 Kf7 48. Kg2 Ke6 49. Kf3 Kd5 50.
Kf4 Kxd4 51. Kg5 Ke5 52. Kxg6 f4 53. gxf4+ Kxf4 54. Kxh5 Kf5 55. Kh6 Kf6 56. h5 Kf7 57.
Kg5 Kg7 58. h6+ Kh7 59. Kh5 Kh8 60. Kg6 Kg8 61. h7+ Kh8 62. Kh6 1/2-1/2

[Event "*** Titled Tuesday Blitz"]
[Site "Chess.com"]
[Date "2019.04.02"]
[Round "3"]
[White "Paparama_1917"]
[Black "SaraciNderim"]
[Result "0-1"]
[WhiteElo "2514"]
[BlackElo "2740"]
[TimeControl "180+2"]
[EndTime "14:37:03 PDT"]
[Termination "SaraciNderim won by resignation"]

1. e4 c6 2. c4 d5 3. cxd5 cxd5 4.
e5 Nc6 5. d4 Bf5 6. Nc3 e6 7. Nf3 Bg4 8. Be2 Qb6 9. O-O Bxf3 10. Bxf3 Qxd4 11. Qb3 Qb4 12. Nb5 Qxb3 13. axb3 Kd7 14.
Bf4 a6 15. Rfd1 Rc8 16. Nd6 Bxd6 17. exd6 Nf6 18. Bg3 Ne8 19. h4 Nxd6 20. Bxd5 Nb5 21. Bc4+ Ke7 22. Bxb5 axb5 23. Bd6+ Kf6 24. f4 h5 25. Rac1 Ne7 26. Rc3 Rxc3 27. bxc3 Nf5 28. Be5+ Kg6 29. Rd7 f6 30. Bd6 Nxd6 31. Rxd6 Rc8 32.
Rb6 Rxc3 33. Rxb5 Rc7 34. Kf2 f5 35. g3 Kf6 36. Rb6 Ke7 37. Ke3 Rd7 38. Rb5 g6 39. Rc5 Kd8 40. Re5 Rd6 41. Ra5 Kc7 42. Ra8 Rb6 43.
Ra3 Ra6 44. Rxa6 bxa6 45. Kd4 Kd6 46. b4 e5+ 47. fxe5+ Ke6 48. Kc5 Kxe5 49. Kb6 g5 50. Kxa6 f4 51. gxf4+ gxf4 52. b5 f3 53. b6 f2 54. b7 f1=Q+ 55. Ka7 Qf2+ 0-1

[Event "*** Titled Tuesday Blitz"]
[Site "Chess.com"]
[Date "2019.04.02"]
[Round "3"]
[White "GMKrikor"]
[Black "iturrizaga"]
[Result "0-1"]
[WhiteElo "2745"]
[BlackElo "2881"]
[TimeControl "180+2"]
[EndTime "14:37:04 PDT"]
[Termination "iturrizaga won by resignation"]

1. Nf3 Nf6 2. c4 b6 3. g3 Bb7 4. Bg2 g6 5. b3 Bg7 6. Bb2 O-O 7. O-O e6 8. d4 Na6 9. Nc3 c5 10.
Rc1 Qe7 11. Re1 d5 12. dxc5 bxc5 13. cxd5 exd5 14. Na4 Rfd8 15. e3 Rac8 16. Bh3 Rc7 17. Be5 Rc6 18. Qe2 Nb4 19. Bf1 Ba6 20. Qd1 Bxf1 21.
Rxf1 Nxa2 22. Rc2 Nb4 23. Rc1 Ne4 24. Bxg7 Kxg7 25. Qe2 Rdc8 26. Rfd1 Qf6 27. Kg2 a6 28. Nd2 Na2 29. Nxe4 Nxc1 30. Nxf6 Nxe2 31. Nxd5 Rd8 32. e4 f5 33. f3 fxe4 34. fxe4 Re8 35. Re1 Rxe4 36. Kf3 Re5 37. Rxe2 Rxd5 38. Re7+ Kh6 39. Kg2 Rd3 40. h4 Rxb3 41. g4 g5 42. h5 Rb4 43.
Nc3 Rxg4+ 44. Kf3 Rf4+ 45. Kg3 Kxh5 46. Nd5 Rd4 47. Rxh7+ Kg6 48. Rd7 Re6 0-1

[Event "*** Titled Tuesday Blitz"]
[Site "Chess.com"]
[Date "2019.04.02"]
[Round "3"]
[White "ZeroRealtorFade"]
[Black "Manukyan_Artak"]
[Result "0-1"]
[WhiteElo "2266"]
[BlackElo "2442"]
[TimeControl "180+2"]
[EndTime "14:37:04 PDT"]
[Termination "Manukyan_Artak won by resignation"]

1. d4 c6 2. Bf4 d5 3. e3 Bf5 4.
c3 Qb6 5. Qb3 Qxb3 6. axb3 a6 7.
Nd2 Nd7 8. Ngf3 f6 9. Be2 g5 10.
Bg3 h5 11. h4 g4 12. Ng1 Nh6 13. b4 Rc8 14. Nb3 e5 15. Kd2 Nf7 16. Bd3 Bxd3 17. Kxd3 Bd6 18. Ne2 Ke7 19. Nc5 Nxc5+ 20. bxc5 e4+ 21.
Kd2 Bxg3 22. Nxg3 Ke6 23. Ne2 f5 24. Nf4+ Kf6 25. c4 dxc4 26. Kc3 Nd8 27. g3 Ne6 28. Nxe6 Kxe6 29. Kxc4 Rhd8 30. Ra3 Rd5 31. Rb3 Rc7 32. Ra1 Kd7 33. Ra4 Kc8 34. Rab4 Rcd7 35. Rb6 Rg7 36. Ra3 f4 37. Raxa6 fxe3 38. fxe3 Rf5 39.
Ra8+ Kc7 40. Ra7 Kb8 41. Ra3 Rf3 42. d5 cxd5+ 43. Kxd5 Rxg3 44. c6 Rf3 45. cxb7 Rxb7 46. Rxb7+ Kxb7 47. Kxe4 Rh3 48. Ra5 Rxh4 49. Rg5 Rh3 50.
b4 g3 51. Kf3 h4 52. e4 Rh2 53. e5 Kc6 54. Ke3 Kd5 55. b5 Rb2 56. Rh5 g2 57.
Rg5 h3 58. Kf3 h2 59. Rxg2 h1=Q 0-1

[Event "*** Titled Tuesday Blitz"]
[Site "Chess.com"]
[Date "2019.04.02"]
[Round "3"]
[White "Grischuk"]
[Black "VitaliyBernadskiy"]
[Result "1-0"]
[WhiteElo "3072"]
[BlackElo "2712"]
[TimeControl "180+2"]
[EndTime "14:37:12 PDT"]
[Termination "Grischuk won by resignation"]

1. e4 c6 2. Nc3 d5 3. Nf3 dxe4 4. Nxe4 Nf6 5. Qe2 Nxe4 6. Qxe4 Qd5 7. Qe3 Qe6 8. b3 Qxe3+ 9. fxe3 Bf5 10. d3 a5 11.
e4 Bg6 12. h4 f6 13. h5 Bf7 14. e5 a4 15. Bb2 Nd7 16. O-O-O axb3 17. axb3 Bd5 18.
Re1 Bxf3 19. gxf3 Nxe5 20. f4 Ng4 21. Re2 Kf7 22. Bh3 f5 23. Rg1 Rg8 24. Bxg4 fxg4 25. Rxg4 g6 26. Rh4 Bg7 27. hxg6+ hxg6 28. Rh7 Rae8 29.
Be5 Kf8 30. Rf2 e6 31. Kd2 Rd8 32. Ke3 Rd7 33. Ke4 Rf7 34. Bd6+ Ke8 35. d4 g5 36. Rf3 gxf4 37. Rxf4 Rxf4+ 38. Bxf4 b5 39. c4 bxc4 40. bxc4 Kf8 41. Be5 Bxe5 42. Kxe5 Rg4 43. Rc7 Ke8 44. Rxc6 Kf7 45. Rc7+ Ke8 46. c5 Kd8 47.
Rh7 Kc8 48. Re7 1-0

[Event "*** Titled Tuesday Blitz"]
[Site "Chess.com"]
[Date "2019.04.02"]
[Round "3"]
[White "MITerryble"]
[Black "dmosesov"]
[Result "1-0"]
[WhiteElo "2831"]
[BlackElo "2504"]
[TimeControl "180+2"]
[EndTime "14:37:12 PDT"]
[Termination "MITerryble won by resignation"]

1. d4 Nf6 2. Bg5 Ne4 3. Bf4 c5 4. f3 Qa5+ 5. c3 Nf6 6. d5 Qb6 7. Bc1 e6 8. e4 exd5 9. exd5 d6 10. Na3 Be7 11. Nc4 Qc7 12. a4 O-O 13. Ne2 Re8 14.
Kf2 Bf5 15. g4 Nxg4+ 16. fxg4 Bxg4 17. Qd3 Bh4+ 18. Ng3 Qe7 19. Bg2 Be2 20. Qe3 Bxc4 21. Qxe7 Rxe7 22. Bf4 Re2+ 23. Kg1 Bxg3 24. hxg3 Rxg2+ 25.
Kxg2 Bxd5+ 26. Kh2 Bxh1 27. Kxh1 Nc6 28. Bxd6 c4 29.
Re1 h6 30. Re4 Rd8 31. Bf4 g5 32. Be3 Rd1+ 33. Kg2 Rb1 34. Rxc4 Rxb2+ 35. Kh3 Ne5 36.
Rc8+ Kh7 37. g4 b6 38. Bd4 Ng6 39. Kg3 Rd2 40. Rc7 Rd3+ 41. Kf2 Nf4 42. Rxf7+ Kg8 43. Rg7+ Kf8 44. Rxa7 Rd2+ 45. Kf3 Rb2 46. Bg7+ Ke8 47. Bxh6 Ne6 48. Ke4 Rf2 49. Ke5 Nd8 50. Ra8 Re2+ 51. Kf5 Rf2+ 52. Kg6 Kd7 53. Bxg5 Ne6 54. Bf6 Rf3 55.
g5 Nf4+ 56. Kf7 Nd5 57. c4 Nc7 58. Rd8+ Kc6 59. g6 1-0

[Event "*** Titled Tuesday Blitz"]
[Site "Chess.com"]
[Date "2019.04.02"]
[Round "3"]
[White "matiss90"]
[Black "nubair1198"]
[Result "0-1"]
[WhiteElo "2460"]
[BlackElo "2658"]
[TimeControl "180+2"]
[EndTime "14:37:14 PDT"]
[Termination "nubair1198 won by resignation"]

1. e4 c6 2. d4 d5 3. Nc3 dxe4 4. Nxe4 Bf5 5. Ng3 Bg6 6. Bc4 e6 7. N1e2 Nf6 8. O-O Bd6 9. f4 Bf5 10. Nxf5 exf5 11. Ng3 g6 12. Re1+ Kf8 13. c3 b5 14.
Bb3 Nbd7 15. a4 a6 16. Qf3 Rc8 17. axb5 axb5 18. h3 Nb6 19. Ra7 Nbd5 20. Re5 Rc7 21. Ra1 h5 22. Bxd5 cxd5 23. Rxd5 Nxd5 24. Qxd5 Kg7 25. Qxb5 Qh4 26. Kh2 Bxf4 27. Bxf4 Qxf4 28. Rf1 Qd6 29. h4 Qe7 30. Kh3 Rb7 31. Qd5 Rd8 32.
Qa2 Qe6 33. Qxe6 fxe6 34. b4 Rc8 35. Ne2 Kf6 36. Ra1 Rb6 37. Ra5 Rbc6 38. Kg3 Rxc3+ 39. Nxc3 Rxc3+ 40. Kf2 Rc4 41. d5 Rxb4 42. g3 Rb2+ 43. Kf3 Rb3+ 44. Kf2 e5 45. Ra6+ Kf7 46. Ra7+ Kf8 47.
Ra6 Kg7 48. Ra7+ Kh6 49. d6 Rd3 50. d7 Rd6 51. Ke3 Rd5 52. Kf2 Rd3 53. Ke2 e4 54. Kf2 g5 55. Ra6+ Kg7 56. hxg5 Rxd7 57. Ke3 Rd3+ 58.
Kf4 Rf3+ 59. Ke5 e3 60. Ra1 Kg6 61. Kd4 Rxg3 62. Rf1 Kxg5 63. Ke5 e2 64. Re1 Rg2 65. Kd4 f4 66. Ke4 Kg4 0-1

[Event "*** Titled Tuesday Blitz"]
[Site "Chess.com"]
[Date "2019.04.02"]
[Round "3"]
[White "PowerThinking2650"]
[Black "effefe"]
[Result "1-0"]
[WhiteElo "2382"]
[BlackElo "2240"]
[TimeControl "180+2"]
[EndTime "14:37:14 PDT"]
[Termination "PowerThinking2650 won by checkmate"]

1. e4 c5 2. Nf3 d6 3. d4 cxd4 4. Nxd4 Nf6 5. Nc3 g6 6. Be3 Bg7 7. f3 O-O 8. Qd2 Nc6 9. O-O-O d5 10. Nxc6 bxc6 11. Bh6 Bxh6 12. Qxh6 e5 13. h4 d4 14. h5 Qe7 15. Na4 Be6 16. g4 Rab8 17. hxg6 fxg6 18. g5 Nh5 19. Rxh5 gxh5 20. g6 Qg7 21. gxh7+ Kh8 22. Qxe6 Rxf3 23. Bc4 Kxh7 24. Rh1 Qg5+ 25. Kb1 Rbf8 26.
a3 h4 27. Nc5 R8f6 28. Qe7+ Kh6 29. Ne6 Rf1+ 30. Ka2 Rxh1 31. Nxg5 Kxg5 32. Qxe5+ Kg6 33. Qe8+ Kg5 34. e5 Rh6 35. Qe7+ Kf4 36. Qf8+ Kg5 37. e6 Re1 38. e7 h3 39. Qg7+ Rg6 40. Qxd4 Rxe7 41. Qf2 Re5 42. Qg3+ Kf6 43. Qxh3 Reg5 44. Qf3+ Kg7 45. Qc3+ Kh6 46. Bd3 Re6 47. Qh8# 1-0

[Event "*** Titled Tuesday Blitz"]
[Site "Chess.com"]
[Date "2019.04.02"]
[Round "3"]
[White "jcgs1030"]
[Black "cstevens1"]
[Result "1-0"]
[WhiteElo "2330"]
[BlackElo "2709"]
[TimeControl "180+2"]
[EndTime "14:37:17 PDT"]
[Termination "jcgs1030 won by resignation"]

1. e4 c5 2. Nf3 e6 3. d4 cxd4 4. Nxd4 a6 5. g3 Qc7 6. Bg2 Nc6 7. O-O Nf6 8. Nc3 Nxd4 9. Qxd4 Bc5 10. Qd1 h5 11.
Bf4 d6 12. Na4 e5 13. Bg5 Ba7 14. Bxf6 gxf6 15. Nc3 Be6 16. Nd5 Bxd5 17. Qxd5 h4 18.
Rfd1 Ke7 19. c3 Rag8 20. Rd3 hxg3 21. hxg3 Qc6 22. Qb3 Qb6 23. Qxb6 Bxb6 24. Rad1 Rd8 25. Bf3 Ba7 26. R1d2 Rhg8 27. Kg2 Rh8 28. Bd1 Rhg8 29. Bb3 Rg5 30. Rf3 Rh8 31. Rfd3 Rd8 32. Bd5 Rd7 33. a4 f5 34. Rf3 f4 35. Kf1 Rg4 36. Rd1 Rd8 37. Ke2 Rb8 38. Rh1 b5 39. Rh7 Rf8 40. a5 b4 41. cxb4 Bd4 42. b5 axb5 43.
Rb3 fxg3 44. fxg3 Kf6 45. Rf3+ Kg6 46. Rhxf7 Rxf7 47. Bxf7+ Kg7 48. Bd5 b4 49. a6 Kh6 50.
Rf6+ Rg6 51. Rxg6+ Kxg6 52. Kd3 Kg5 53. Be6 b3 54.
Kc4 1-0

[Event "*** Titled Tuesday Blitz"]
[Site "Chess.com"]
[Date "2019.04.02"]
[Round "3"]
[White "MikaelyanArman"]
[Black "emperor87"]
[Result "1-0"]
[WhiteElo "2756"]
[BlackElo "2622"]
[TimeControl "180+2"]
[EndTime "14:37:19 PDT"]
[Termination "MikaelyanArman won by resignation"]

1. e4 c6 2. d4 d5 3. exd5 cxd5 4. Bd3 Nf6 5. c3 g6 6. Bf4 Bg7 7. Nd2 O-O 8. Ngf3 Nc6 9. O-O Bf5 10. Bxf5 gxf5 11. Ne5 e6 12. Re1 Nd7 13. Ndf3 Ndxe5 14. Nxe5 Nxe5 15. Bxe5 Bxe5 16. Rxe5 Kh8 17. Qh5 Qf6 18. Rae1 Rg8 19. R1e3 Rg5 20. Qe2 Rag8 21. Rg3 a6 22. a4 Rg4 23. Rxg4 Rxg4 24. f3 Rg8 25. a5 Qg5 26. Qf2 Qc1+ 27. Re1 Qf4 28. Qe3 Qxe3+ 29. Rxe3 Kg7 30. Re1 Kf6 31. Ra1 Ke7 32. Ra3 Kd6 33.
Rb3 Kc7 34. Kf2 f4 35. g3 fxg3+ 36. hxg3 h5 37. Ra3 Kc6 38. Rb3 Kc7 39. Rb4 Rh8 40.
Kg2 Rg8 41. Kh3 Rg6 42. Kh4 Rf6 43.
f4 Rg6 44. Rb6 Rg4+ 45. Kh3 Rg6 46. b3 Kc8 47. c4 dxc4 48. bxc4 Kc7 49. c5 Rg4 50. Rd6 Rg8 51. f5 exf5 52. Rf6 Rd8 53. Rxf7+ Kc6 54. Rxf5 Rxd4 55. Rxh5 Ra4 56. g4 Rxa5 57.
Rh6+ Kc7 58. Rh7+ Kc6 59. Rh6+ Kc7 60. Rh7+ Kb8 61. g5 Rxc5 62. Kg4 Rc1 63. g6 a5 64.
g7 Rg1+ 65. Kf5 a4 66. Kf6 Rf1+ 67. Ke5 Rg1 68. Rh8+ Kc7 69. g8=Q Rxg8 70. Rxg8 Kc6 71. Kd4 Kb5 72. Kc3 1-0

[Event "*** Titled Tuesday Blitz"]
[Site "Chess.com"]
[Date "2019.04.02"]
[Round "3"]
[White "Fighterman91"]
[Black "IMDT02"]
[Result "1-0"]
[WhiteElo "2582"]
[BlackElo "2423"]
[TimeControl "180+2"]
[EndTime "14:37:20 PDT"]
[Termination "Fighterman91 won by resignation"]

1. e4 c5 2. Nf3 Nc6 3. Bb5 Nf6 4. Nc3 g6 5. O-O Bg7 6. d3 O-O 7. Bxc6 dxc6 8. Be3 b6 9. h3 Ne8 10. Qd2 e5 11. a3 Be6 12. b4 c4 13. d4 exd4 14.
Bxd4 Nf6 15. Rad1 b5 16. Qf4 Nh5 17. Qe3 Qc7 18. Bxg7 Nxg7 19. e5 a5 20. Ne4 Nf5 21. Nf6+ Kg7 22. Qf4 Rad8 23. g4 Ne7 24. Rd6 Nd5 25.
Nxd5 cxd5 26. Nd4 Bd7 27. Qf6+ Kg8 28. Re1 axb4 29. axb4 Rde8 30. f4 Qa7 31. c3 Rd8 32. f5 Qa3 33. Re3 Qc1+ 34. Kf2 Qd2+ 35. Ne2 Qd1 36.
Qg5 Qh1 37. Qf4 Bc8 38. Rxd8 Rxd8 39. f6 Kh8 40. Qh6 Rg8 41. Qf4 Be6 42. Qg3 Qd1 43. Nd4 Qd2+ 44. Re2 Qg5 45. Kg2 h5 46. Qe3 Qxe3 47. Rxe3 hxg4 48. hxg4 Bxg4 49. Rg3 Bh5 50. e6 fxe6 51. Nxe6 g5 52. Rh3 Kh7 53. f7 1-0